 Dungeon Crawl Stone Soup version 0.23.2-40-g277498a001 (webtiles) character file.

Game seed: 13380494331093771729

49 Acheron the Shield-Bearer (level 3, -1/23 HPs)
             Began as a Gargoyle Fighter on Oct 23, 2019.
             Slain by Natasha (5 damage)
             ... on level 2 of the Dungeon.
             The game lasted 00:04:04 (1080 turns).

Acheron the Shield-Bearer (Gargoyle Fighter)        Turns: 1080, Time: 00:04:09

Health: -1/23      AC: 10    Str: 19    XL:     3   Next: 75%
Magic:  3/3        EV:  7    Int:  8    God:
Gold:   95         SH:  9    Dex: 10    Spells: 2/2 levels left

rFire    . . .     SeeInvis .   a - +0 war axe
rCold    . . .     Gourm    .   c - +0 shield
rNeg     + . .     Faith    .   b - +0 scale mail
rPois    ∞         Spirit   .   (no helmet)
rElec    +         Reflect  .   (no cloak)
rCorr    .         Harm     .   (no gloves)
MR       .....                  (no boots)
Stlth    ..........             (no amulet)
HPRegen  0.07/turn              (no ring)
MPRegen  0.08/turn              (no ring)

@: no status effects
A: negative energy resistance 1, electricity resistance, unbreathing,
petrification resistance, rot immunity, AC +3
a: no special abilities


You were on level 2 of the Dungeon.
You were not hungry.

You visited 1 branch of the dungeon, and saw 2 of its levels.

You collected 95 gold pieces.

Inventory:

Hand Weapons
 a - a +0 war axe (weapon)
Armour
 b - a +0 scale mail (worn)
 c - a +0 shield (worn)
Scrolls
 e - a scroll of amnesia {unknown}
 g - a scroll of remove curse {unknown}
 i - 3 scrolls of identify {unknown}
 l - a scroll of enchant armour {unknown}
Potions
 d - 3 potions of might
 h - 2 potions of brilliance {unknown}
 j - 2 potions of invisibility {unknown}
Comestibles
 f - 4 rations
 k - 8 chunks of flesh


   Skills:
 + Level 3.4 Fighting
 + Level 2.2 Axes
 * Level 0.7 Throwing
 + Level 3.4 Armour
 * Level 0.5 Dodging
 * Level 1.1 Stealth
 * Level 3.7 Shields


You had 2 spell levels left.
You didn't know any spells.
Your spell library was empty.

Dungeon Overview and Level Annotations

Branches:
Dungeon (2/15)

Altars:

Annotations:
D:2 Natasha


Innate Abilities, Weirdness & Mutations

You are resistant to torment.
Your stone body is resilient. (AC +3)
You are immune to poison.
You resist negative energy. (rN+)
You are resistant to electric shocks. (rElec)
You can survive without breathing.
You are immune to petrification.
You are immune to rotting.


Message History

The white imp gestures at you. You block the puff of frost.
You block Natasha's attack.
The white imp hits you but does no damage.
You see here an adder corpse.
You barely miss Natasha. You closely miss the white imp.
Natasha claws you but does no damage. The white imp hits you.
The white imp freezes you. You block the white imp's attack.
You block Natasha's attack.
You barely miss Natasha. You closely miss the white imp.
The white imp hits you. The white imp freezes you.
* * * LOW HITPOINT WARNING * * *
Natasha claws you but does no damage.
You hit Natasha.
Natasha is moderately wounded.
You closely miss the white imp. The white imp gestures at you.
The puff of frost hits you but does no damage.
You block Natasha's attack. The white imp barely misses you. Natasha claws you.
You die...

#.......##..
#...........
#....S..h...
##(#####....
#.# #.. #.#
. #.#
#5#########
#h@........
###########


You could see Natasha and a white imp.

Vanquished Creatures
  Robin (D:2)
  An adder (D:2)
  A leopard gecko (D:1)
  10 goblins
  7 hobgoblins
  2 jackals (D:1)
  A frilled lizard (D:1)
  2 rats (D:1)
25 creatures vanquished.

Notes
Turn   | Place    | Note
-------+----------+-------------------------------------------
     0 | D:1      | Acheron the Gargoyle Fighter began the quest for the Orb.
     0 | D:1      | Reached XP level 1. HP: 14/14 MP: 1/1
   145 | D:1      | Reached XP level 2. HP: 19/19 MP: 2/2
   895 | D:2      | Noticed Robin
   902 | D:2      | Reached XP level 3. HP: 17/23 MP: 3/3
   904 | D:2      | Killed Robin
   904 | D:2      | Reached skill level 1 in Stealth
  1060 | D:2      | Noticed Natasha
  1080 | D:2      | Slain by Natasha

Skill      XL: |  1  2  3 |
---------------+----------+-----
Axes           | 2 |  2.2
Stealth        | 1 |  1.1
Fighting       | |  3.4
Throwing       | |  0.7
Armour         | |  3.4
Dodging        | |  0.5
Shields        | |  3.7

Action                   || total
-------------------------++-------
Melee: War axe           ||    66
  Eat: Chunk             ||     1
Armor: Scale mail        ||    48
Dodge: Dodged            ||    23
Block: Shield            ||    39
